 Dungeon Crawl Stone Soup version 0.23.0-3-gf3c87f2 (webtiles) character file.

Game seed: 3600051418132337899

2142 mopl the Grappler (level 9, -4/76 HPs)
             Began as a Troll Hunter on Feb 22, 2019.
             Was a Plaything of Xom.
             Slain by a gnoll
             ... wielding a cursed -1 halberd
              (15 damage)
             ... on level 6 of the Dungeon.
             The game lasted 00:07:41 (4033 turns).

mopl the Grappler (Troll Hunter)                    Turns: 4033, Time: 00:07:41

Health: -4/76      AC:  6    Str: 22    XL:     9   Next: 9%
Magic:  8/8        EV: 10    Int:  7    God:    Xom [.*....]
Gold:   9          SH:  0    Dex: 13    Spells: 8/8 levels left

rFire    . . .     SeeInvis +     - Unarmed
rCold    . . .     Gourm    +   (no shield)
rNeg     . . .     Faith    .   u - +0 robe
rPois    .         Spirit   .   (helmet restricted)
rElec    .         Reflect  .   (no cloak)
rCorr    .         Harm     .   (gloves unavailable)
MR       .....                  (boots unavailable)
Stlth    ..........             (no amulet)
HPRegen  0.62/turn              x - ring of attention (curse)
MPRegen  0.11/turn              s - ring of see invisible

@: marked
A: large, unfitting armour, claws 3, fast metabolism 3, gourmand, regeneration
1, shaggy fur 1, tough skin 3
a: Renounce Religion


You were on level 6 of the Dungeon.
You worshipped Xom.
You were a plaything of Xom.
You were full.

You visited 1 branch of the dungeon, and saw 6 of its levels.

You collected 196 gold pieces.
You spent 187 gold pieces at shops.

Inventory:

Hand Weapons
 b - a +0 blowgun
 l - a +0 hunting sling
Missiles
 a - 81 stones (quivered)
 c - 5 large rocks
 d - 2 throwing nets
 r - 4 tomahawks
 t - 4 curare-tipped needles
 y - 17 poisoned needles
Armour
 u - a +0 robe (worn)
Jewellery
 s - a ring of see invisible (right claw)
 x - a cursed ring of attention (left claw)
Wands
 n - a wand of flame (16)
 q - a wand of acid (7)
 F - a wand of iceblast (8)
 G - a wand of digging (7)
 H - a wand of random effects (18)
Scrolls
 h - 10 scrolls of identify {unknown}
 m - 2 scrolls of teleportation {unknown}
 p - a scroll of amnesia {unknown}
 z - a scroll of blinking {unknown}
 A - 2 scrolls of remove curse {unknown}
 C - a scroll of random uselessness {unknown}
 D - a scroll of fear {unknown}
Potions
 e - 4 potions of resistance {unknown}
 g - 3 potions of might {unknown}
 i - 2 potions of invisibility {unknown}
 j - 4 potions of curing {unknown}
 k - 4 potions of heal wounds {unknown}
 o - a potion of haste {unknown}
 v - 2 potions of degeneration {unknown}
 w - a potion of lignification {unknown}
 B - a potion of ambrosia {unknown}
Comestibles
 f - 10 rations


   Skills:
 - Level 1.5 Fighting
 + Level 7.3 Throwing
 - Level 1.5 Dodging
 - Level 0.3 Stealth
 * Level 9.7 Unarmed Combat


You had 8 spell levels left.
You didn't know any spells.
Your spell library was empty.

Dungeon Overview and Level Annotations

Branches:
Dungeon (6/15)             Temple (0/1) D:5

Altars:
Hepliaklqana
Qazlal
Xom
Yredelemnul

Shops:
D:5 *=**

Annotations:
D:6 Grinder


Innate Abilities, Weirdness & Mutations

You are too large for most types of armour.
You have claws for hands.
Your metabolism is lightning-fast.
You like to eat raw meat.
Your natural rate of healing is unusually fast.
You are covered in fur. (AC +1)
You have extremely tough skin. (AC +3)


Message History

You become entangled in the net!
The phantom blinks!
You see here a throwing net.
You struggle against the net.
The gnoll hits you from afar with a cursed -1 halberd.
The gnoll hits you but does no damage. The iguana bites you!
You struggle against the net.
Grinder gestures at you. You resist with some effort.
The gnoll barely misses you. The gnoll hits you with a +0 halberd!
* * * LOW HITPOINT WARNING * * *
The iguana bites you.
* * * LOW HITPOINT WARNING * * *
You rip the net and break free!
Grinder hits you.
* * * LOW HITPOINT WARNING * * *
You writhe in agony.
* * * LOW HITPOINT WARNING * * *
The iguana bites you but does no damage.
The gnoll hits you from afar with a cursed -1 halberd!
You die...
Xom chuckles heartily!

.......##......>.....
.......#........##...
............g...##. .
......Y..(..........
... .##g.........###.
..:..###g###.......#
........g#gg.........
......##glgg...?....##
.......5@#.........#.#
..!....>..............
.....................
....................
..#.##.......... ##
#..#.....[. #..
##...#. #.. ...#


You could see Grinder, a sky beast, a gnoll shaman, an iguana and 7 gnolls.

Vanquished Creatures
  Prince Ribbit (D:5)
  Eustachio (D:4)
  Edmund (D:4)
  A sky beast (D:4)
  2 phantoms (D:5)
  An eye of draining (D:4)
  3 ogres (D:5)
  A centaur (D:5)
  A bullfrog (D:5)
  A scorpion (D:4)
  A crimson imp (D:5)
  5 hounds
  4 orc wizards
  Ijyb (D:3)
  A bullfrog skeleton (D:6)
  A centaur skeleton (D:5)
  Natasha (thrice) (D:2)
  An iguana (D:4)
  5 worker ants
  A killer bee zombie (D:6)
  A hound zombie (D:6)
  A worker ant zombie (D:4)
  A howler monkey zombie (D:6)
  8 adders
  7 gnolls
  An ooze (D:4)
  2 adder skeletons (D:4)
  A worm (D:2)
  A dart slug (D:2)
  16 orcs
  4 giant cockroaches
  4 hobgoblins
  4 jackals (D:3)
  5 kobolds
  2 quokkas
  2 ball pythons (D:4)
  10 bats
  4 frilled lizards
  4 goblins (D:1)
  A leopard gecko skeleton (D:4)
  A leopard gecko zombie (D:6)
  6 rats
122 creatures vanquished.

Vanquished Creatures (collateral kills)
  A sky beast (D:5)
1 creature vanquished.

Vanquished Creatures (others)
  An orc (D:5)
1 creature vanquished.

Grand Total: 124 creatures vanquished

Notes
Turn   | Place    | Note
-------+----------+-------------------------------------------
     0 | D:1      | mopl the Troll Hunter began the quest for the Orb.
     0 | D:1      | Reached XP level 1. HP: 19/19 MP: 0/0
    65 | D:1      | Reached skill level 1 in Unarmed Combat
   243 | D:1      | Reached XP level 2. HP: 27/27 MP: 1/1
   589 | D:2      | Reached skill level 2 in Unarmed Combat
   622 | D:2      | Reached XP level 3. HP: 33/33 MP: 2/2
   631 | D:2      | Reached skill level 4 in Throwing
   861 | D:2      | Noticed Natasha
   878 | D:2      | Killed Natasha
   878 | D:2      | Reached skill level 3 in Unarmed Combat
   878 | D:2      | Reached XP level 4. HP: 41/41 MP: 3/3
   910 | D:2      | Noticed Natasha
   915 | D:2      | Killed Natasha
   915 | D:2      | Reached XP level 5. HP: 35/48 MP: 4/4
  1111 | D:2      | Found a basalt altar of Yredelemnul.
  1111 | D:2      | Found a hazy altar of Hepliaklqana.
  1245 | D:1      | Reached skill level 4 in Unarmed Combat
  1325 | D:2      | Noticed Natasha
  1329 | D:2      | Killed Natasha
  1348 | D:3      | Noticed Ijyb
  1360 | D:3      | Killed Ijyb
  1602 | D:3      | Reached XP level 6. HP: 44/55 MP: 5/5
  2009 | D:4      | Noticed a sky beast
  2016 | D:4      | Reached skill level 5 in Throwing
  2016 | D:4      | Reached skill level 5 in Unarmed Combat
  2020 | D:4      | Killed a sky beast
  2038 | D:4      | Noticed Edmund
  2146 | D:4      | Reached XP level 7. HP: 59/62 MP: 6/6
  2303 | D:4      | Reached skill level 6 in Unarmed Combat
  2449 | D:4      | Noticed Eustachio
  2475 | D:4      | Killed Eustachio
  2499 | D:4      | Killed Edmund
  2499 | D:4      | Reached skill level 7 in Unarmed Combat
  2593 | D:4      | Reached skill level 6 in Throwing
  2950 | D:5      | Entered Level 5 of the Dungeon
  2979 | D:5      | Reached XP level 8. HP: 70/70 MP: 7/7
  2997 | D:5      | Found a stormy altar of Qazlal.
  3021 | D:5      | Found Jokin's Assorted Antiques.
  3028 | D:5      | Found Paecw's Assorted Antiques.
  3030 | D:5      | Bought a lumpy black potion for 16 gold pieces
  3030 | D:5      | Bought a scroll labeled CEDYON CUFIWN for 18 gold pieces
  3030 | D:5      | Bought a lumpy black potion for 16 gold pieces
  3033 | D:5      | Bought a sapphire potion for 27 gold pieces
  3033 | D:5      | Bought a scroll labeled JOMINAYBRU for 30 gold pieces
  3033 | D:5      | Bought a cyan potion for 27 gold pieces
  3033 | D:5      | Bought a scroll labeled BYPUHYNAEJ for 30 gold pieces
  3056 | D:5      | Reached skill level 8 in Unarmed Combat
  3164 | D:5      | Found a staircase to the Ecumenical Temple.
  3166 | D:5      | Found a faded altar of an unknown god.
  3193 | D:5      | Became a worshipper of Xom of Chaos
  3273 | D:5      | Found Pugraom's Assorted Antiques.
  3278 | D:5      | Found Loadeuq's Jewellery Shoppe.
  3281 | D:5      | XOM: silly message
  3302 | D:5      | XOM: harmless Fire miscast
  3397 | D:5      | XOM: noise
  3470 | D:5      | Noticed Prince Ribbit
  3476 | D:5      | Killed Prince Ribbit
  3476 | D:5      | Reached skill level 7 in Throwing
  3476 | D:5      | Reached skill level 9 in Unarmed Combat
  3675 | D:5      | Bought a scroll labeled UROANW UNYAN for 23 gold pieces
  3721 | D:5      | XOM: harmless Conj miscast
  3742 | D:5      | XOM: summons friendly white imp
  3744 | D:5      | XOM: destruction
  3761 | D:5      | XOM: cast spell 'Summon Horrible Things'
  3853 | D:5      | XOM: chaos cloud
  3891 | D:6      | Noticed Grinder
  3932 | D:6      | Reached XP level 9. HP: 70/76 MP: 8/8
  3933 | D:6      | XOM: summons 4 friendly demons
  3996 | D:6      | XOM: 2-stop teleportation journey
  4024 | D:6      | Paralysed by Grinder for 5 turns
  4025 | D:6      | XOM: blink monster(s)
  4033 | D:6      | Slain by a gnoll

Skill      XL: |  1  2  3  4  5  6  7  8 |
---------------+-------------------------+-----
Unarmed Combat | 1 2 3 4 5 7 9 |  9.7
Throwing       | 4 5 6 7 |  7.3
Fighting       | |  1.5
Dodging        | |  1.5
Stealth        | |  0.3

Action                   |  1- 3 |  4- 6 |  7- 9 || total
-------------------------+-------+-------+-------++-------
Melee: Unarmed           |    89 |   147 |   178 ||   414
       Punch             |       |     3 |     4 ||     7
 Fire: Blowgun           |       |       |     3 ||     3
Throw: Stone             |       |     1 |     4 ||     5
 Stab: Sleeping          |       |     1 |       ||     1
  Eat: Chunk             |    13 |    12 |    15 ||    40
Armor: Robe              |    60 |    45 |    62 ||   167
Dodge: Dodged            |    59 |    78 |    77 ||   214
